 Dungeon Crawl Stone Soup version 0.22-a0-407-gb098539 (webtiles) character file.

4 Gorglomux the Vexing (level 1, -1/8 HPs)
             Began as a Felid Enchanter on May 9, 2018.
             Slain by a hobgoblin (5 damage)
             ... on level 1 of the Dungeon.
             The game lasted 00:00:27 (81 turns).

Gorglomux the Vexing (Felid Enchanter)                Turns: 81, Time: 00:00:27

Health: -1/8       AC:  1    Str:  4    XL:     1   Next: 58%
Magic:  3/4        EV: 18    Int: 16    God:
Gold:   4          SH:  0    Dex: 16    Spells: 3/4 levels left
                                        Lives:  0   Deaths: 0

rFire    + . .     SeeInvis +     - Unarmed
rCold    . . .     Gourm    .   (shield unavailable)
rNeg     . . .     Faith    .   (armour unavailable)
rPois    .         Spirit   .   (helmet unavailable)
rElec    .         Reflect  .   (cloak unavailable)
rCorr    .         Harm     .   (gloves unavailable)
MR       .....                  (boots unavailable)
Stlth    +++.......             (no amulet)
HPRegen  0.02/turn              f - ring of protection from fire
MPRegen  0.09/turn              (no ring)

@: very slightly contaminated, quick
A: very small, no armour, no weapons or thrown items, stealth, claws 1, fangs 3,
see invisible, carnivore, speed 1, shaggy fur 1, slow metabolism 1, sharp paws
a: no special abilities


You were on level 1 of the Dungeon.
You were very full.

You visited 1 branch of the dungeon, and saw 1 of its levels.

You collected 4 gold pieces.

Inventory:

Jewellery
 f - a ring of protection from fire (left paw)
Scrolls
 g - a scroll of identify {unknown}
Comestibles
 b - a ration


   Skills:
 + Level 0.7 Fighting
 - Level 2.6 Dodging
 - Level 4.0 Stealth
 + Level 1.3 Unarmed Combat
 - Level 2.0 Spellcasting
 - Level 4.4 Hexes


You had 3 spell levels left.
You knew the following spells:

 Your Spells              Type           Power        Failure   Level  Hunger
a - Corona                Hex            ###....      3%          1    #......


Dungeon Overview and Level Annotations

Branches:
Dungeon (1/15)

Altars:


Innate Abilities, Weirdness & Mutations

You cannot wear armour.
You are incapable of wielding weapons or throwing items.
Your paws allow you to move quietly. (Stealth)
You have sharp claws.
You have razor-sharp teeth.
You have supernaturally acute eyesight. (SInv)
You are carnivorous and can eat meat at any time.
You cover ground quickly.
You are covered in fur. (AC +1)
You have a slow metabolism.
Your sharp claws are effective at attacking unaware monsters.


Message History

The hobgoblin shouts!!!
You hear a shout!!!
A kobold comes into view!
It butts wielding a short sword!
Butt: Corona (butt; 3% risk of failure)
Confirm with ! or Enter, or press ? or * to list all spells!
Aiming: Corona (safe; 3% risk of failure)
Press: ? - help, Shift-Butt - straight line, f - hobgoblin
Aim: a hobgoblin (chance to butt MR: 69%)
The hobgoblin is outlined in light!
The hobgoblin misses you!
You eviscerate the hobgoblin!
The hobgoblin is heavily butt!
The hobgoblin hits you!
DANG You are too injured to fight recklessly!!!
You are too injured to fight recklessly!!!
You butt-ly miss the hobgoblin!
The hobgoblin is heavily wounded!
The hobgoblin hits you!
DANG rip

#........# #........# ####
####### #........#
....##.....## #........#
............## #..).....#
.....$.......# #........##
.............###......g...
........K....##..#######..
........g@..)##.## #.
............)...#########.
.#######.#######.........
..####...####....###.##
....#..≈..#.....#.......
..≈....≈....≈..8#.......
...≈..≈≈≈..≈...##.......
....≈≈≈≈≈≈≈.....#.....##
..≈≈≈≈...≈≈≈≈....[......


You could see a hobgoblin and a kobold.

Vanquished Creatures
  3 goblins (D:1)
  A rat (D:1)
4 creatures vanquished.

Notes
Turn   | Place    | Note
-------+----------+-------------------------------------------
     0 | D:1      | Gorglomux the Felid Enchanter began the quest for the Orb.
     0 | D:1      | Reached XP level 1. HP: 7/7 MP: 4/4
    81 | D:1      | Slain by a hobgoblin

Vault maps used:
D:1:      eino_arrival_water_star

Action                   || total
-------------------------++-------
Melee: Unarmed           ||    15
 Cast: Corona            ||     2
  Eat: Chunk             ||     4
Dodge: Dodged            ||     8

Table legend:
 A = Spawn XP
 B = Non-spawn XP
 C = Spawn XP percentage of total XP
 D = Spawn monster count
 E = Non-spawn monster count
 F = Spawn count percentage of total count
 G = Total turns spent on level
                    A         B        C        D         E        F      G
               +---------+---------+-------+---------+---------+-------+---------
         Total |       0 |       7 |   0.0 |       0 |       4 |   0.0 |    81
               +---------+---------+-------+---------+---------+-------+---------
           D:1 |       0 |       7 |   0.0 |       0 |       4 |   0.0 |    81
               +---------+---------+-------+---------+---------+-------+---------
